AoeStats
← ***

Hideout

508994241Analyzed
1v1 RM · 6d ago on Sep 25, 2026· 40m 38s· 2 players
Game mode
Random Map
Map size
Tiny (2 player)
Population
200
Speed
Normal
Resources
Standard
Victory
Conquest
Starting age
Dark Age
Ending age
Imperial Age
RankedLock teamsTeams togetherTeam positionsShared explorationLock speedFull tech treeHidden civsTurbo modeCheats
Victory
Defeat
🇭🇰 Byzantines · Hong Kong SAR China
1817
+19
🇮🇹 Dravidians · Italy
1873
-19
***
8:31 Feudal Age
9:19 Double-Bit Axe
11:37 Fletching
12:06 Horse Collar
15:36 Loom
18:58 Castle Age
19:17 Scale Barding Armor
20:33 Bow Saw
23:20 Wheelbarrow
25:08 Sanctity
24:41 Gold Mining
30:21 Hand Cart
33:32 Imperial Age
31:48 Gold Shaft Mining
31:54 Heavy Plow
36:32 Chemistry
35:52 Ballistics
37:01 Bodkin Arrow
37:04 Elite Cataphract
38:06 Conscription
38:34 Logistica
38:46 Chain Barding Armor
40:17 Plate Barding Armor
39:53 Forging
40:31 Crop Rotation
40:47 Husbandry
SiMpSoN
10:39 Feudal Age
14:23 Castle Age
12:19 Double-Bit Axe
12:18 Horse Collar
15:34 Loom
16:06 Fletching
21:10 Gold Mining
23:04 Bodkin Arrow
27:25 Ballistics
30:52 Thumb Ring
35:25 Imperial Age
32:36 Elite Skirmisher
37:45 Chemistry
38:02 Bracer
38:26 Padded Archer Armor
41:04 Chemistry
40:57 Leather Archer Armor
Connection lost

Rejoining the realm…

Still unreachable

The connection could not be restored.

Session expired

The server has moved on; the page needs a fresh start.